cohdb
Replays
Latest Replays
All Replays
Popular Replays
Top Player Replays
Match Explorer
How It Works
Community
CoH3 Stats
Reddit
Sign in to upload your games and track your stats! →
Sign in with Steam
Match 40955613
Unlisted
Match 40955613
Overview
Messages
Build Orders
End
Engineer Squad
Construct Barracks
Riflemen Squad
Selects Heavy Weapons
Riflemen Squad
M1 Mortar Team
Riflemen Squad
Grenade Package
Construct Medical Station
Infantry Support Center
Construct Motor Pool
Construct Weapon Support Center
M3 Armored Personnel Carrier
Selects Assault Carriers
M1918 Browning Automatic Rifles
M3 Assault Carrier
Riflemen Squad
Selects Exchangeable Parts
Sparkle
Mo-J
Wheeler
芝士雪豹
Miffy
LegendPistachios
0
0
Comments
sign in to comment!
No comments posted yet!